 Dungeon Crawl Stone Soup version 0.28-a0-1182-g381e24db82 (webtiles) character file.

Game seed: 15466667000093281346

13018 browni3141 the Carver (level 12, -8/92 HPs)
             Began as a Formicid Fighter on Dec 17, 2021.
             Was a High Priest of Fedhas.
             Mangled by an orc warrior (31 damage)
             ... on level 2 of the Orcish Mines.
             The game lasted 00:31:12 (14108 turns).

browni3141 the Carver (Formicid Fighter)           Turns: 14108, Time: 00:31:13

Health: -8/92      AC: 10    Str: 35    XL:     12   Next: 27%
Magic:  19/19      EV: 12    Int:  9    God:    Fedhas [*****.]
Gold:   1275       SH:  5    Dex: 16    Spells: 11/11 levels left

rFire   . . .      SeeInvis +   b - +5 shortbow "Qycymn" {venom, Dex+4}
rCold   . . .      Faith    .   c - +0 buckler
rNeg    . . .      Spirit   .   p - +0 chain mail
rPois   .          Reflect  .   (helmet unavailable)
rElec   .          Harm     .   (no cloak)
rCorr   .          Rampage  .   (no gloves)
Will    +....                   (no boots)
Stlth   ..........              (no amulet)
HPRegen 0.25/turn               g - +6 ring of strength
MPRegen 0.16/turn               K - +6 ring of strength

@: no status effects
A: permanent stasis, dig shafts and tunnels, antennae 3, four strong arms
a: Dig, Shaft Self, Renounce Religion, Wall of Briars, Grow Ballistomycete,
Overgrow, Grow Oklob


You were on level 2 of the Orcish Mines.
You worshipped Fedhas.
Fedhas was extremely pleased with you.
You visited 3 branches of the dungeon, and saw 15 of its levels.

You collected 2125 gold pieces.
You spent 850 gold pieces at shops.

Inventory:

Hand Weapons
 a - a +0 scimitar
 b - the +5 shortbow "Qycymn" (weapon) {venom, Dex+4}
   (You acquired it on level 1 of the Dungeon)

   Any ammunition fired from it poisons the flesh of those it strikes.
   Dex:       It affects your dexterity (+4).
 L - a +0 long sword
Missiles
 d - 56 arrows (quivered ammo)
 l - 6 atropa-tipped darts
 n - 93 bolts
 J - a curare-tipped dart
Armour
 c - a +0 buckler (worn)
 p - a +0 chain mail (worn)
 q - a +0 scale mail
 w - the +3 ring mail of the Stallion {rElec Int-4 Dex+4 SInv}
   (You found it on level 5 of the Dungeon)

   Int:       It affects your intelligence (-4).
   Dex:       It affects your dexterity (+4).
   rElec:     It insulates you from electricity.
   SInv:      It lets you see invisible.
Jewellery
 g - a +6 ring of strength (left hand)
 i - a ring of positive energy
 A - an amulet of guardian spirit
 K - a +6 ring of strength (right hand)
Wands
 y - a wand of iceblast (9)
 G - a wand of flame (26)
 M - a wand of paralysis (10)
Scrolls
 e - 7 scrolls of teleportation
 f - a scroll of brand weapon
 h - 4 scrolls of noise
 j - a scroll of enchant armour
 k - 5 scrolls of fog
 t - a scroll of immolation
 u - 3 scrolls of enchant weapon
 x - a scroll of fear
 D - a scroll of holy word
 F - a scroll of silence
Potions
 m - 2 potions of mutation
 o - 4 potions of brilliance
 r - a potion of degeneration {unknown}
 s - a potion of curing {unknown}
 v - a potion of might
 z - a potion of lignification {unknown}
 C - 2 potions of flight {unknown}
 E - 2 potions of cancellation {unknown}
 H - 2 potions of attraction {unknown}
 I - a potion of resistance {unknown}
 N - a potion of haste {unknown}


   Skills:
 + Level 8.0 Fighting
 * Level 10.2 Long Blades
 * Level 6.7 Bows
 + Level 7.8 Armour
 + Level 5.8 Dodging
 - Level 5.0 Shields
 * Level 9.3 Invocations


You had 11 spell levels left.
You didn't know any spells.
Your spell library contained the following spells:

 Spells                   Type           Power      Damage    Failure   Level
 Animate Skeleton         Necr           0%         N/A       82%         1
 Beastly Appendage        Tmut           0%         N/A       82%         1
 Pain                     Necr           0%         1d4       82%         1
 Sting                    Tmut/Pois      0%         1d3       82%         1
 Ensorcelled Hibernation  Hex/Ice        0%         N/A       91%         2
 Poisonous Vapours        Pois/Air       0%         N/A       91%         2
 Wereblood                Tmut           0%         N/A       91%         2
 Call Canine Familiar     Summ           0%         N/A       99%         3
 Portal Projectile        Hex/Tloc       0%         N/A       99%         3
 Spider Form              Tmut/Pois      0%         N/A       99%         3
 Summon Guardian Golem    Hex/Summ       0%         N/A       99%         3
 Tukima's Dance           Hex            0%         N/A       99%         3
 Vampiric Draining        Necr           0%         2d6       99%         3
 Airstrike                Air            0%         N/A       100%        4
 Leda's Liquefaction      Hex/Erth       0%         N/A       100%        4
 Olgreb's Toxic Radiance  Pois           0%         N/A       100%        4
 Summon Lightning Spire   Summ/Air       0%         N/A       100%        4
 Lightning Bolt           Conj/Air       0%         1d11      100%        5
 Orb of Destruction       Conj           0%         N/A       100%        7
 Spellforged Servitor     Conj/Summ      0%         N/A       100%        7


Dungeon Overview and Level Annotations

Branches:
Dungeon (12/15)            Temple (1/1) D:5            Lair (0/6) D:8
    Orc (2/2) D:11            Elf (0/3) Orc:2

Altars:
Ashenzari
Cheibriados
Dithmenos
Elyvilon
Fedhas
Gozag
Hepliaklqana
Kikubaaqudgha
Makhleb
Nemelex Xobeh
Okawaru
Qazlal
Ru
Sif Muna
Trog
Uskayaw
Vehumet
Wu Jian
Xom
Yredelemnul
Zin
The Shining One
Beogh

Shops:
D:1 ?   D:8 =   Orc:2 [

Annotations:
D:9 3 runed translucent doors, Adrian566's ghost, novice DsFi


Innate Abilities, Weirdness & Mutations

You cannot be hasted, slowed, berserked, paralysed or teleported.
You can dig through walls and to a lower floor.
You have a pair of large antennae on your head. (SInv)
Your four strong arms can wield two-handed weapons with a shield.


Message History

You extend your mandibles.
You dig through the rock wall.
The orc knight roars a battlecry!
The orcs go into a battle-frenzy!
The orc wizard gestures wildly while chanting.
The orc wizard flickers and vanishes for a moment.
The orc priest howls in fear.
The orc warrior barely misses you.
An orc warrior comes into view. It is wielding a +0 trident.
You dig through the rock wall.
The orc warrior hits you with a +1 dire flail of holy wrath!
Unknown command.
You dig through the rock wall.
The orc wizard gestures wildly while chanting.
The orc wizard flickers and vanishes for a moment.
The orc warlord roars a battlecry!
You hear a shout! x2
Unknown command.
You dig through the rock wall.
Unknown command.
You dig through the rock wall.
You dig through the rock wall.
The orc warrior barely misses you.
You dig through the rock wall.
You dig through the rock wall.
The orc warrior no longer looks unusually strong.
You dig through the rock wall.
The orc warlord roars a battlecry!
The orc warrior goes into a battle-frenzy!
You hear a shout!
You dig through the rock wall.
You dig through the rock wall.
You dig through the rock wall.
The orc warrior hits you with a +1 dire flail of holy wrath!
* * * LOW HITPOINT WARNING * * *
You dig through the rock wall.
You dig through the rock wall.
You dig through the rock wall.
The orc warrior hits you with a +1 dire flail of holy wrath!!
You die...
Fedhas appreciates your contribution to the ecosystem.

...........#..#.####.............
......o........)[.###............
.o(........#o......#.##.<........
................))[[[(.#......#..
.....o.............#.####....####
{(..............#.#### #......#
{{...{.......#...## #.....##
{{...#...######.## #######
##.########o##.#@#
##o.o{{..{#.{#o## ###############


You could see an orc warrior (strong) and an orc priest.

Vanquished Creatures
  A boulder beetle (D:11)
  2 two-headed ogres
  A deep elf pyromancer (D:10)
  An orc knight (Orc:2)
  An orc sorcerer (Orc:1)
  3 centaur zombies
  Joseph (D:7)
  5 trolls
  A hornet (D:10)
  9 yaks
  A wyvern (D:9)
  A steam dragon (D:4)
  4 wargs
  A water moccasin (D:6)
  2 acid dragons (D:11)
  A black bear (D:6)
  10 orc warriors
  3 ogres
  4 necrophages
  3 centaurs
  3 kobold brigands
  4 bullfrogs
  Blork the orc (D:5)
  3 gnoll sergeants
  A scorpion (D:5)
  6 howler monkeys
  4 wights (D:8)
  3 jellies
  2 electric eels (D:9)
  A crimson imp (D:9)
  2 gnoll shamans
  2 hounds
  A bullfrog skeleton (D:7)
  23 orc priests
  A centaur skeleton (D:3)
  Jessica (D:3)
  3 iguanas
  18 orc wizards
  A scorpion zombie (D:5)
  2 howler monkey zombies
  4 adders
  22 gnolls
  2 shadow imps
  An ufetubus (D:6)
  A worm (D:2)
  3 dart slugs
  49 orcs
  6 bats
  6 endoplasms
  A giant cockroach (D:1)
  6 goblins
  6 hobgoblins
  8 jackals
  19 kobolds
  A quokka (D:4)
  2 ball pythons (D:1)
  7 frilled lizards (D:1)
  9 rats
290 creatures vanquished.

Vanquished Creatures (others)
  An orc wizard (Orc:2)
  A plant (D:8)
2 creatures vanquished.

Grand Total: 292 creatures vanquished

Notes
Turn   | Place    | Note
-------+----------+-------------------------------------------
     0 | D:1      | browni3141 the Formicid Fighter began the quest for the
                  | Orb.
     0 | D:1      | Reached XP level 1. HP: 18/18 MP: 1/1
   161 | D:1      | Found a faded altar of an unknown god.
   189 | D:1      | Reached XP level 2. HP: 24/24 MP: 2/2
   312 | D:1      | Reached skill level 3 in Long Blades
   343 | D:1      | Reached XP level 3. HP: 22/29 MP: 3/3
   529 | D:1      | Found Fatap's Magic Scroll Emporium.
   535 | D:1      | Bought a scroll of noise for 10 gold pieces
   535 | D:1      | Bought a scroll of identify for 20 gold pieces
   535 | D:1      | Bought a scroll of fog for 20 gold pieces
  1604 | D:2      | Reached skill level 4 in Long Blades
  1604 | D:2      | Reached XP level 4. HP: 22/35 MP: 4/4
  1865 | D:3      | Noticed Jessica
  1869 | D:3      | Killed Jessica
  1870 | D:3      | Reached XP level 5. HP: 38/41 MP: 5/5
  2248 | D:2      | Reached skill level 1 in Dodging
  2394 | D:3      | Reached XP level 6. HP: 34/48 MP: 6/6
  2640 | D:3      | Identified a scroll of acquirement
  2648 | D:3      | Acquired 760 gold pieces
  2841 | D:1      | Bought a scroll of brand weapon for 200 gold pieces
  2841 | D:1      | Bought 3 scrolls of fog for 60 gold pieces
  2841 | D:1      | Bought a scroll of acquirement for 520 gold pieces
  2841 | D:1      | Bought a scroll of identify for 20 gold pieces
  2843 | D:1      | Acquired the +5 shortbow "Qycymn" {venom, Dex+4}
  3422 | D:4      | Reached skill level 5 in Long Blades
  3535 | D:4      | Noticed a steam dragon
  3544 | D:4      | Killed a steam dragon
  3545 | D:4      | Reached XP level 7. HP: 15/55 MP: 7/7
  4069 | D:5      | Entered Level 5 of the Dungeon
  4328 | D:5      | Identified the +3 ring mail of the Stallion {rElec Int-4
                  | Dex+4 SInv}
  4329 | D:5      | Found a staircase to the Ecumenical Temple.
  4329 | D:5      | Noticed Blork the orc
  4333 | D:5      | Killed Blork the orc
  4355 | Temple   | Entered the Ecumenical Temple
  4422 | Temple   | Became a worshipper of Fedhas Madash
  4455 | D:5      | Reached skill level 5 in Shields
  4465 | D:5      | Reached skill level 6 in Long Blades
  4465 | D:5      | Reached XP level 8. HP: 59/61 MP: 8/8
  4637 | D:5      | Reached skill level 5 in Fighting
  4638 | D:5      | Reached skill level 1 in Bows
  5178 | D:6      | Reached skill level 5 in Armour
  5187 | D:6      | Reached skill level 1 in Invocations
  5459 | D:6      | Reached * piety under Fedhas
  5484 | D:6      | Reached skill level 7 in Long Blades
  5484 | D:6      | Reached XP level 9. HP: 48/68 MP: 9/11
  5844 | D:6      | Found a glowing golden altar of the Shining One.
  6586 | D:7      | Noticed Joseph
  6627 | D:7      | Killed Joseph
  6628 | D:7      | Reached skill level 5 in Invocations
  6628 | D:7      | Reached XP level 10. HP: 59/76 MP: 13/13
  7018 | D:8      | Found Baoruod's Jewellery Shoppe.
  7127 | D:8      | Reached ** piety under Fedhas
  7165 | D:8      | Found a staircase to the Lair.
  7321 | D:8      | Reached skill level 8 in Long Blades
  8126 | D:8      | Reached *** piety under Fedhas
  8515 | D:9      | Found a runed translucent gate.
  8515 | D:9      | Found a runed translucent gate.
  8516 | D:9      | Found a runed translucent gate.
  8519 | D:9      | Noticed Adrian566's ghost (novice DsFi)
  8946 | D:9      | Found a burning altar of Makhleb.
  8947 | D:9      | Found a radiant altar of Vehumet.
  9793 | D:10     | Entered Level 10 of the Dungeon
  9891 | D:10     | Noticed a deep elf pyromancer
  9896 | D:10     | Killed a deep elf pyromancer
 10084 | D:10     | Reached skill level 5 in Bows
 10176 | D:10     | Noticed a two-headed ogre
 10196 | D:10     | Killed a two-headed ogre
 10197 | D:10     | Reached XP level 11. HP: 69/84 MP: 13/16
 10394 | D:10     | Found a glowing silver altar of Zin.
 10397 | D:10     | Found a hide-covered altar of Uskayaw.
 10398 | D:10     | Found a broken altar of Ashenzari.
 10399 | D:10     | Found a stormy altar of Qazlal.
 10579 | D:9      | Reached skill level 9 in Long Blades
 10579 | D:9      | Reached skill level 5 in Dodging
 11040 | D:10     | Found a large runed translucent door.
 11040 | D:10     | Found a large runed translucent door.
 11317 | D:10     | You fall into a shaft and drop 2 floors!
 11336 | D:11     | Noticed a boulder beetle
 11351 | D:11     | Killed a boulder beetle
 11358 | D:11     | Noticed a two-headed ogre
 11370 | D:11     | Killed a two-headed ogre
 11525 | D:11     | Reached **** piety under Fedhas
 11853 | D:11     | Found a staircase to the Orcish Mines.
 12203 | D:10     | Found an iron altar of Okawaru.
 12207 | D:10     | Found a shimmering altar of Xom.
 12258 | Orc:1    | Entered Level 1 of the Orcish Mines
 12268 | Orc:1    | Noticed an orc sorcerer
 12281 | Orc:1    | Killed an orc sorcerer
 12788 | Orc:1    | Reached XP level 12. HP: 92/92 MP: 18/18
 13156 | Orc:2    | Entered Level 2 of the Orcish Mines
 13189 | Orc:2    | Found a staircase to the Elven Halls.
 13280 | Orc:2    | Reached skill level 10 in Long Blades
 13439 | Orc:2    | Reached ***** piety under Fedhas
 13882 | Orc:2    | Found Rucach's Antique Armour Boutique.
 14064 | Orc:2    | Noticed an orc warlord
 14082 | Orc:2    | Noticed an orc high priest
 14108 | Orc:2    | Mangled by an orc warrior

Illustrated notes

Levels and vault maps discovered:
D:1:      enne_arrival_octagon_isle, layout_basic,
          hellmonk_ecumenical_altar_zigzags, serial_shops, shop
D:2:      layout_loops_ring
D:3:      layout_basic, uniq_jessica
D:4:      layout_rooms, minivault_11
D:5:      layout_basic, minmay_temple_entry_hall, uniq_blork_the_orc
D:6:      layout_cave_pools, nicolae_tso_carved_into_rock
D:7:      layout_cave_pools, uniq_joseph
D:8:      layout_rooms, erik_lair_orcish_takeover, serial_shops,
          nicolae_stop_n_shop_2, kennysheep_big_empty_room
D:9:      layout_roguey, grunt_temple_overflow_lords_of_destruction,
          gammafunk_ghost_spectres, serial_aquarium, aquarium_bridge_straight
          [aquarium_subvault_bridge, aquarium_subvault_wall,
          aquarium_subvault_bridge, aquarium_subvault_window],
          aquarium_bridge_square [aquarium_subvault_wall,
          aquarium_subvault_wall, aquarium_subvault_bridge,
          aquarium_subvault_bridge], aquarium_window_fake, aquarium_window_fake,
          aquarium_window_corner, aquarium_view_2d, aquarium_view_2f,
          aquarium_balcony_3b, aquarium_pool_side,
          chequers_serial_rivers_small_a, serial_bayou_pond_e
D:10:     layout_roguey, mainiacjoe_overflow_alcove_3, jmf_multi_god_temple2
D:11:     layout_cave_pools, orc_0_dummy
D:12:     layout_roguey, nicolae_trove_entry_isolated, uniq_kirke,
          uniq_gastronok, uniq_jorgrun
Temple:   nicolae_temple_god_jail
Orc:1:    layout_diamond_mine, mines1_david
Orc:2:    st_orc_congregation, layout_diamond_mine, serial_shops,
          nicolae_diamond_shop

Skill      XL: |  1  2  3  4  5  6  7  8  9 10 11 12 |
---------------+-------------------------------------+-----
Long Blades    | 3 4 5 6 7 8 9 10 | 10.2
Shields        | 4 5 |  5.0
Dodging        | 1 2 3 4 5 |  5.8
Fighting       | 4 5 6 7 8 |  8.0
Armour         | 4 5 6 7 |  7.8
Bows           | 2 3 5 6 |  6.7
Invocations    | 3 5 7 8 9 |  9.3

Action                   |  1- 3 |  4- 6 |  7- 9 | 10-12 || total
-------------------------+-------+-------+-------+-------++-------
Melee: Long sword        |   118 |   122 |   102 |   112 ||   454
       Scimitar          |       |       |       |   103 ||   103
 Fire: Shortbow          |       |       |   121 |   294 ||   415
Throw: Dart              |       |       |       |     7 ||     7
       Throwing net      |       |       |       |     1 ||     1
Invok: Wall of Briars    |       |       |       |     1 ||     1
 Abil: Dig               |       |     1 |     1 |    16 ||    18
Evoke: Wand              |       |       |       |     3 ||     3
  Use: Scroll            |     1 |     7 |     2 |     3 ||    13
       Potion            |       |     1 |       |     1 ||     2
Armor: Scale mail        |    45 |       |       |       ||    45
       Chain mail        |       |    81 |    50 |   107 ||   238
Dodge: Dodged            |    61 |    69 |    62 |   147 ||   339
Block: Buckler           |    28 |    35 |    33 |    71 ||   167

Table legend: (Time is in decaauts)
 A = Elapsed time spent in this place.
 B = Non-inter-level travel time spent in this place.
 C = Inter-level travel time spent in this place.
 D = Time resting spent in this place.
 E = Time spent auto-exploring this place.
 F = Levels seen in this place.
 G = Mean time per level.
                   A        B        C        D        E       F      G
               +--------+--------+--------+--------+--------+-----+--------+
         Total |  14176 |  13552 |    624 |   2005 |   8767 |  15 |  945.1 |
       Dungeon |  12253 |  11675 |    578 |   1778 |   7540 |  12 | 1021.1 |
        Temple |     80 |     68 |     12 |      0 |     29 |   1 |   80.0 |
  Orcish Mines |   1841 |   1808 |     33 |    227 |   1198 |   2 |  920.5 |
               +--------+--------+--------+--------+--------+-----+--------+

Top non-repeatable levels by time:
     D:9: 1620 daAuts
     D:2: 1426 daAuts
    D:10: 1289 daAuts
     D:8: 1228 daAuts
     D:5: 1148 daAuts
   Orc:1: 1053 daAuts
     D:7: 1039 daAuts
     D:3: 1018 daAuts
     D:4: 947 daAuts
     D:6: 925 daAuts
    D:11: 837 daAuts
   Orc:2: 788 daAuts
     D:1: 752 daAuts
  Temple: 80 daAuts
    D:12: 18 daAuts
